 Dungeon Crawl Stone Soup version 0.25-a0-975-gcae8493d64 (webtiles) character file.

Game seed: 7352757062691663057, levelgen mode: deterministic

418 Flugslaktarn the Chopper (level 6, -11/56 HPs)
             Began as a Minotaur Fighter on May 9, 2020.
             Was a Follower of Cheibriados.
             Mangled by an ogre
             ... wielding a +0 giant club
              (19 damage)
             ... on level 4 of the Dungeon.
             The game lasted 00:01:28 (3150 turns).

Flugslaktarn the Chopper (Minotaur Fighter)         Turns: 3150, Time: 00:01:29

Health: -11/56     AC:  7    Str: 24    XL:     6   Next: 61%
Magic:  15/15      EV:  7    Int:  8    God:    Cheibriados [*.....]
Gold:   113        SH: 10    Dex: 14    Spells: 5/5 levels left

rFire    . . .     SeeInvis .   a - +0 war axe
rCold    . . .     Gourm    .   c - +0 kite shield
rNeg     . . .     Faith    .   b - +0 scale mail
rPois    .         Spirit   .   (helmet restricted)
rElec    .         Reflect  .   (no cloak)
rCorr    .         Harm     .   (no gloves)
MR       .....                  (no boots)
Stlth    ..........             (no amulet)
HPRegen  0.18/turn              n - ring of magical power
MPRegen  0.14/turn              (no ring)

@: very slow
A: retaliatory headbutt, horns 2
a: Bend Time, Renounce Religion


You were on level 4 of the Dungeon.
You worshipped Cheibriados.
Cheibriados was aware of your devotion.
You were hungry.

You visited 1 branch of the dungeon, and saw 4 of its levels.

You collected 113 gold pieces.

Inventory:

Hand Weapons
 a - a +0 war axe (weapon)
Armour
 b - a +0 scale mail (worn)
 c - a +0 kite shield (worn)
Jewellery
 n - a ring of magical power (left hand)
   (You found it on level 2 of the Dungeon)
Scrolls
 g - 3 scrolls of identify {unknown}
 h - 3 scrolls of enchant weapon {unknown}
 i - 2 scrolls of teleportation {unknown}
 k - a scroll of fear {unknown}
 p - a scroll of remove curse {unknown}
 r - a scroll of magic mapping {unknown}
 s - a scroll of blinking {unknown}
Potions
 d - a potion of might
 f - 2 potions of brilliance {unknown}
 j - 2 potions of degeneration {unknown}
 l - 3 potions of lignification {unknown}
 m - a potion of curing {unknown}
 o - a potion of heal wounds {unknown}
Comestibles
 e - 7 rations


   Skills:
 + Level 5.0 Fighting
 * Level 5.6 Axes
 + Level 5.0 Armour
 + Level 5.0 Shields
 + Level 1.4 Invocations


You had 5 spell levels left.
You didn't know any spells.
Your spell library was empty.

Dungeon Overview and Level Annotations

Branches:
Dungeon (4/15)
 Temple: D:4-7

Altars:
Cheibriados
Kikubaaqudgha
Okawaru

Annotations:
D:3 exclusion: 2 goblins


Innate Abilities, Weirdness & Mutations

You reflexively headbutt those who attack you in melee.
You have a pair of horns on your head.


Message History

You block the orc's attack.
You closely miss the ogre.
The ogre is heavily wounded.
You hit the orc but do no damage.
The ogre hits you with a +0 giant club!!
* * * LOW HITPOINT WARNING * * *
The orc hits you but does no damage.
You are too injured to fight recklessly!
You are too injured to fight recklessly!
You are too injured to fight recklessly!
You are too injured to fight recklessly!
You are too injured to fight recklessly!
You are too injured to fight recklessly!
You are too injured to fight recklessly!
You are too injured to fight recklessly!
Unknown command.
You are feeling hungry.
You block the ogre's attack.
The ogre hits you with a +0 giant club!!
You die...

# .# #. ###. .##...
## ..... .#
####...######.#
.............##
#.[.# ##<..##
#..!####.....#.#
##.#.#.##O@......#
#......o...†.....#
#..#.#.##..........
#......####.....####
...#...# ##...[...
.#...## ########
##.# #.


You could see an ogre and an orc.

Vanquished Creatures
  A scorpion (D:4)
  3 vampire bats (D:2)
  An orc priest (D:4)
  An orc wizard (D:3)
  10 gnolls
  An adder (D:2)
  2 oozes
  2 worms (D:2)
  2 dart slugs (D:2)
  A leopard gecko (D:2)
  4 orcs
  3 bats
  4 bat skeletons (D:2)
  3 bat zombies (D:2)
  A giant cockroach (D:1)
  7 goblins
  7 hobgoblins
  4 jackals (D:2)
  3 quokkas
  3 frilled lizards
  2 kobolds (D:2)
  5 rats
70 creatures vanquished.

Notes
Turn   | Place    | Note
-------+----------+-------------------------------------------
     0 | D:1      | Flugslaktarn the Minotaur Fighter began the quest for the
                  | Orb.
     0 | D:1      | Reached XP level 1. HP: 19/19 MP: 0/0
   186 | D:1      | Reached XP level 2. HP: 27/27 MP: 1/1
   307 | D:1      | Reached XP level 3. HP: 19/33 MP: 2/2
   601 | D:2      | Found a snail-covered altar of Cheibriados.
   644 | D:2      | Reached XP level 4. HP: 18/40 MP: 3/3
  1354 | D:2      | Reached XP level 5. HP: 35/47 MP: 4/4
  1387 | D:2      | Became a worshipper of Cheibriados the Contemplative
  1903 | D:2      | Found an ancient bone altar of Kikubaaqudgha.
  1915 | D:2      | Reached skill level 5 in Axes
  1927 | D:2      | Reached * piety under Cheibriados
  1927 | D:2      | Reached skill level 1 in Invocations
  1927 | D:2      | Reached XP level 6. HP: 41/55 MP: 5/5
  2787 | D:3      | Found an iron altar of Okawaru.
  3127 | D:4      | Reached skill level 5 in Fighting
  3127 | D:4      | Reached skill level 5 in Armour
  3142 | D:4      | Reached skill level 5 in Shields
  3150 | D:4      | Mangled by an ogre

Illustrated notes

Levels and vault maps discovered:
D:1:      dpeg_arrival_arbitrary_b, layout_rooms, serial_bayou,
          serial_bayou_pond_e, serial_bayou_ford_a, serial_bayou_pond_b,
          serial_bayou_pond_c
D:2:      layout_basic, lemuel_crystal_altar, kennysheep_vampire_church,
          serial_forest, infiniplex_forest_3_way, infiniplex_forest_lined_4_way,
          infiniplex_forest_lined_3, infiniplex_forest_lined_room_2,
          infiniplex_forest_clump_medium, infiniplex_forest_end_1,
          infiniplex_forest_corner_1, first_ration, dk_noncrumbling_4,
          minmay_misc_feat_five, kennysheep_cross_room, minmay_tetromino_t4
D:3:      layout_loops_corners, kennysheep_okawaru_gauntlet
D:4:      layout_loops_ring, nicolae_tso_swordbearing_angel,
          overflow_temple_1_default, kennysheep_mini_moat

Skill      XL: |  1  2  3  4  5  6 |
---------------+-------------------+-----
Axes           | 3 4 5 |  5.6
Shields        | 4 5 |  5.0
Fighting       | 4 5 |  5.0
Armour         | 4 5 |  5.0
Invocations    | 1 |  1.4

Action                   |  1- 3 |  4- 6 || total
-------------------------+-------+-------++-------
Melee: War axe           |    52 |   103 ||   155
       Headbutt          |     4 |    16 ||    20
  Eat: Chunk             |       |     5 ||     5
Armor: Scale mail        |    32 |    45 ||    77
Dodge: Dodged            |    10 |    39 ||    49
Block: Kite shield       |    22 |    73 ||    95

Table legend:
 A = Non-vault XP
 B = Vault XP
 C = Vault XP percentage of total XP
 D = Non-vault monster count
 E = Vault monster count
 F = Vault count percentage of total count
                 A         B        C        D         E       F
            +---------+---------+-------+---------+---------+-------
      Total |     398 |     200 |  33.4 |      55 |      15 |  21.4
            +---------+---------+-------+---------+---------+-------
        D:1 |      52 |       2 |   3.7 |      11 |       1 |   8.3
        D:2 |     171 |     198 |  53.7 |      28 |      14 |  33.3
        D:3 |      59 |       0 |   0.0 |      13 |       0 |   0.0
        D:4 |     116 |       0 |   0.0 |       3 |       0 |   0.0
            +---------+---------+-------+---------+---------+-------
